 Dungeon Crawl Stone Soup version 0.17-a0-1646-geb1493d (webtiles) character file.

16512 kae the Devastator (level 12, -3/59 HPs)
             Began as a Tengu Fire Elementalist on Aug 9, 2015.
             Was a Priest of Vehumet.
             Slain by a black mamba (14 damage)
             ... on level 1 of the Lair of Beasts.
             The game lasted 00:27:20 (16944 turns).

kae the Devastator (Tengu Fire Elementalist)       Turns: 16944, Time: 00:27:20

Health: -3/59      AC:  7    Str:  9    XL:     12   Next: 38%
Magic:  18/25      EV: 12    Int: 21    God:    Vehumet [***...]
Gold:   421        SH:  0    Dex: 14    Spells: 8 memorised, 3 levels left

rFire  . . .     SeeInvis .     q - +2 trident (flame)
rCold  . . .     Clarity  .     E - +2 robe {MR+}
rNeg   . . .     SustAt   .     (no shield)
rPois  .         Gourm    .     (helmet restricted)
rElec  .         Spirit   .     o - +2 cloak
rCorr  .         Warding  .     (no gloves)
rMut   .         Stasis   .     (boots unavailable)
MR     +....                    (no amulet)
Stlth  ++........               t - ring of wizardry
                                p - ring of flight

@: lethally poisoned (-3 -> -22), somewhat resistant to hostile enchantments,
unstealthy
A: beak, talons 3, able to fly 1
a: Fly, Renounce Religion, Evoke Flight


You were on level 1 of the Lair of Beasts.
You worshipped Vehumet.
Vehumet was most pleased with you.
You were very hungry.

You visited 2 branches of the dungeon, and saw 11 of its levels.

You collected 421 gold pieces.

Inventory:

Hand weapons
 e - a +0 short sword
 n - a +0 spear
 q - a +2 trident of flaming (weapon)
Armour
 o - a +2 cloak (worn)
 E - a +2 robe of magic resistance (worn)
Jewellery
 d - an uncursed ring of protection from fire
 p - a ring of flight (left hand)
 s - an uncursed amulet of regeneration {unknown}
 t - a ring of wizardry (right hand)
 v - an uncursed ring of wizardry
 y - an uncursed ring of protection from magic {unknown}
Magical devices
 a - a wand of magic darts (33)
Scrolls
 h - a scroll of enchant armour
 j - 9 scrolls of identify
 k - 3 scrolls of enchant weapon
 m - 3 scrolls of teleportation
 r - 2 scrolls of random uselessness
 u - a scroll of recharging
 x - 10 scrolls of remove curse
Potions
 g - a potion of haste
 l - 2 potions of heal wounds
 w - 2 potions of agility
 z - 2 potions of ambrosia {unknown}
 C - 3 potions of might
Books
 b - a book of Flames

   Spells                             Type                      Level
   a - Flame Tongue                   Conjuration/Fire             1
   b - Throw Flame                    Conjuration/Fire             2
   c - Conjure Flame                  Conjuration/Fire             3
   d - Inner Flame                    Hexes/Fire                   3
   e - Sticky Flame                   Conjuration/Fire             4
   f - Fireball                       Conjuration/Fire             5
 B - a book of the Dragon

   Spells                             Type                      Level
   a - Flame Tongue                   Conjuration/Fire             1
   b - Cause Fear                     Hexes                        4
   c - Bolt of Fire                   Conjuration/Fire             6
   d - Dragon Form                    Transmutation                7
   e - Dragon's Call                  Summoning                    9
Comestibles
 c - 9 bread rations
 f - 3 chunks of flesh
 i - 8 meat rations
 A - 7 fruits
 D - 2 royal jellies


   Skills:
 - Level 2.1 Dodging
 - Level 2.0 Stealth
 + Level 8.6 Spellcasting
 * Level 15.0 Conjurations
 * Level 13.7 Fire Magic


You had 3 spell levels left.
You knew the following spells:

 Your Spells              Type           Power        Failure   Level  Hunger
a - Flame Tongue          Conj/Fire      #####        1%          1    None
b - Throw Flame           Conj/Fire      ######       1%          2    None
c - Conjure Flame         Conj/Fire      ######..     1%          3    None
d - Sticky Flame          Conj/Fire      ######..     1%          4    ###....
e - Inner Flame           Hex/Fire       #####...     1%          3    None
f - Fireball              Conj/Fire      ######....   1%          5    #####..
g - Shock                 Conj/Air       ####         1%          1    None
h - Bolt of Fire          Conj/Fire      ######....   1%          6    ######.


Dungeon Overview and Level Annotations

Branches:
Dungeon (10/15)            Temple (0/1) D:7            Lair (1/8) D:10
    Orc: D:9-12

Altars:
Elyvilon
Gozag
Qazlal
Trog
Vehumet
Yredelemnul
The Shining One

Annotations:
D:9 exclusion: mottled dragon


Innate Abilities, Weirdness & Mutations

You have a beak for a mouth.
You have claws for feet.
You can fly.


Message History

Confirm with . or Enter, or press ? or * to list all spells.
Aiming: Flame Tongue
Press: ? - help, Shift-Dir - straight line, f/p - black mamba
Aim: a black mamba (moderately wounded)
The flame tongue hits the black mamba.
The black mamba is moderately wounded.
The black mamba bites you!!
You are poisoned.
The black mamba poisons you! The black mamba bites you!
* * * LOW HITPOINT WARNING * * *
Casting: Flame Tongue
Confirm with . or Enter, or press ? or * to list all spells.
Aiming: Flame Tongue
Press: ? - help, Shift-Dir - straight line, f/p - black mamba
Aim: a black mamba (moderately wounded)
The flame tongue hits the black mamba.
The black mamba is heavily wounded.
* * * LOW HITPOINT WARNING * * *
You feel sick. The black mamba barely misses you. The black mamba bites you!
You die...

# #######.#...## #.
##.##..†###..##
#.###......##.....#
#..#..........##.#
###................
#..................
##.......#.........
##P.................
#PP@................
......S.................
#.......................
###.....................
#...........(.........
#............. ........
#.............. #......
............... #.....
.##....


You could see a black mamba.

Vanquished Creatures
  A hydra (D:10)
  2 hill giants
  Pikel (D:9)
  A spiny frog (Lair:1)
  A merfolk (D:10)
  A troll (D:9)
  2 deep elf magi (D:9)
  2 hungry ghosts
  A hippogriff (D:10)
  3 water moccasins
  Duvessa (D:4)
  3 black bears
  6 sky beasts
  4 slaves (D:9)
  4 ogres
  5 centaurs
  2 ice beasts (D:7)
  A necrophage (D:10)
  7 phantoms
  5 orc warriors
  A crocodile (D:9)
  3 giant frogs
  Dowan (D:4)
  A gnoll sergeant (D:9)
  6 scorpions
  4 wights (D:9)
  A wyvern skeleton (D:6)
  14 killer bees
  A centaur zombie (D:6)
  4 crimson imps
  2 giant frog skeletons
  6 orc priests
  4 hounds
  A jelly (D:10)
  A centaur skeleton (D:8)
  10 orc wizards
  7 worker ants
  5 iguanas
  A hound zombie (D:8)
  A hound skeleton (D:9)
  2 worker ant zombies
  10 adders
  15 gnolls
  7 shadow imps
  2 adder zombies
  3 worms
  An adder skeleton (D:4)
  3 giant geckos
  60 orcs
  3 ball pythons
  11 bats
  10 giant cockroaches
  8 hobgoblins
  11 jackals
  10 kobolds
  2 quokkas
  3 giant gecko zombies
  5 giant newts
  10 goblins
  12 rats
  A plant (D:10)
316 creatures vanquished.

Notes
Turn   | Place    | Note
--------------------------------------------------------------
     0 | D:1      | kae the Tengu Fire Elementalist began the quest for the Orb.
     0 | D:1      | Reached XP level 1. HP: 10/10 MP: 4/4
    94 | D:1      | Found a glowing golden altar of the Shining One.
   649 | D:1      | Reached XP level 2. HP: 15/15 MP: 4/6
   702 | D:1      | Learned a level 2 spell: Throw Flame
  1023 | D:1      | Reached XP level 3. HP: 15/19 MP: 4/7
  1303 | D:2      | Found a white marble altar of Elyvilon.
  1862 | D:2      | Reached XP level 4. HP: 24/24 MP: 1/9
  1939 | D:2      | Reached skill level 4 in Fire Magic
  2057 | D:2      | Learned a level 3 spell: Conjure Flame
  2920 | D:3      | Gained mutation: You can fly. [Tengu growth]
  2920 | D:3      | Reached XP level 5. HP: 22/28 MP: 2/10
  4233 | D:3      | Reached skill level 5 in Conjurations
  4233 | D:3      | Reached XP level 6. HP: 32/32 MP: 5/11
  4300 | D:3      | Reached skill level 5 in Fire Magic
  4375 | D:4      | Found a basalt altar of Yredelemnul.
  5010 | D:4      | Reached skill level 6 in Conjurations
  5010 | D:4      | Reached XP level 7. HP: 36/36 MP: 0/13
  5620 | D:4      | Reached skill level 7 in Conjurations
  5764 | D:4      | Noticed Duvessa
  5764 | D:4      | Noticed Dowan
  5768 | D:4      | Killed Duvessa
  5768 | D:4      | Reached XP level 8. HP: 33/41 MP: 7/15
  5772 | D:4      | Killed Dowan
  6082 | D:4      | You fall through a shaft for 2 floors!
  6091 | D:6      | HP: 2/41 [centaur (7)]
  6264 | D:6      | Reached skill level 8 in Conjurations
  6428 | D:6      | Learned a level 3 spell: Inner Flame
  6450 | D:6      | Learned a level 4 spell: Sticky Flame
  6708 | D:5      | Entered Level 5 of the Dungeon
  7809 | D:5      | Reached skill level 9 in Conjurations
  8444 | D:6      | Reached XP level 9. HP: 32/45 MP: 7/17
  8529 | D:6      | Reached skill level 5 in Spellcasting
  8915 | D:6      | Reached skill level 10 in Conjurations
 10258 | D:7      | Found a radiant altar of Vehumet.
 10307 | D:7      | Became a worshipper of Vehumet
 10378 | D:7      | Found a staircase to the Ecumenical Temple.
 10663 | D:7      | Reached skill level 11 in Conjurations
 11315 | D:8      | Reached XP level 10. HP: 50/50 MP: 10/19
 11583 | D:8      | Acquired Vehumet's first power
 11583 | D:8      | Offered knowledge of Sandblast by Vehumet.
 11583 | D:8      | Reached skill level 10 in Fire Magic
 11712 | D:8      | Found an opulent altar of Gozag.
 12279 | D:8      | Reached skill level 12 in Conjurations
 12495 | D:8      | Found a stormy altar of Qazlal.
 13101 | D:9      | Offered knowledge of Shock by Vehumet.
 13108 | D:9      | Learned a level 5 spell: Fireball
 13110 | D:9      | Learned a level 1 spell: Shock
 13146 | D:9      | Noticed a hill giant
 13160 | D:9      | Killed a hill giant
 13643 | D:9      | Reached skill level 13 in Conjurations
 14035 | D:9      | Noticed Pikel
 14050 | D:9      | Killed Pikel
 14216 | D:9      | Reached XP level 11. HP: 3/54 MP: 1/22
 14531 | D:9      | Reached skill level 14 in Conjurations
 14531 | D:9      | Reached XP level 12. HP: 56/59 MP: 16/25
 14739 | D:10     | Entered Level 10 of the Dungeon
 14753 | D:10     | Learned a level 6 spell: Bolt of Fire
 14756 | D:10     | Found a bloodstained altar of Trog.
 14904 | D:10     | Noticed a four-headed hydra
 14915 | D:10     | Killed a four-headed hydra
 15168 | D:10     | Offered knowledge of Static Discharge by Vehumet.
 15316 | D:10     | Found a staircase to the Lair.
 16525 | D:10     | Acquired Vehumet's second power
 16840 | Lair:1   | Entered Level 1 of the Lair of Beasts
 16881 | Lair:1   | Reached skill level 15 in Conjurations
 16944 | Lair:1   | Slain by a black mamba

Vault maps used:
D:1:      lightli_arrival_flooded_house, kennysheep_decorative_pillar,
          tso_metal_star
D:2:      nicolae_overflow_hidden_temple
D:3:      lightli_sewer_entry_pipes
D:4:      overflow_temple_1_default, kennysheep_potato, uniq_duvessa
D:5:      first_bread
D:6:      kennysheep_generic_room_8
D:7:      vehumet_crystals, minmay_temple_entry_from_below_a
D:8:      minmay_ornate_pinched, kennysheep_little_box, lemuel_round_altar
D:9:      uniq_pikel
D:10:     dpeg_oklobed_lair, hangedman_stone_soup, bloody_trog

Action                   |  1- 3 |  4- 6 |  7- 9 | 10-12 || total
-------------------------+-------+-------+-------+-------++-------
Melee: Short sword       |    27 |    32 |       |       ||    59
       Unarmed           |     4 |       |       |       ||     4
       Trident           |       |     2 |   101 |    49 ||   152
       Spear             |       |     1 |       |       ||     1
 Cast: Flame Tongue      |    61 |   122 |   262 |   276 ||   721
       Throw Flame       |     1 |    14 |    38 |    45 ||    98
       Conjure Flame     |       |     6 |     9 |     9 ||    24
       Sticky Flame      |       |       |       |    29 ||    29
       Inner Flame       |       |       |       |     1 ||     1
       Bolt of Fire      |       |       |       |     2 ||     2
  Use: Potion            |     2 |       |     3 |     1 ||     6
       Scroll            |       |     5 |     1 |    13 ||    19
 Stab: Sleeping          |     1 |     2 |     1 |     2 ||     6
  Eat: Chunk             |     4 |    10 |    20 |    14 ||    48
       Fruit             |       |       |     1 |     3 ||     4
       Pizza             |       |       |       |     1 ||     1
       Beef jerky        |       |       |       |     3 ||     3
